 Dungeon Crawl Stone Soup version 0.31-a0-358-gac0dbeb3ab (webtiles) character file.

Game seed: 3580583480175650489

613 AdnanSaban the Covered (level 7, -4/44 HPs)
             Began as a Gargoyle Fighter on July 26, 2023.
             Slain by Edmund
             ... wielding a +1 dire flail of distortion
              (19 damage)
             ... on level 5 of the Dungeon.
             The game lasted 00:05:53 (4028 turns).

AdnanSaban the Covered (Gargoyle Fighter)           Turns: 4028, Time: 00:05:54

Health: -4/44      AC: 15    Str: 22    XL:     7   Next: 44%
Magic:  7/7        EV:  8    Int:  8    God:
Gold:   329        SH:  4    Dex:  9    Spells: 6/6 levels left

rFire   . . .        a - +0 flail
rCold   . . .        c - +0 buckler
rNeg    + . .        x - +0 chain mail
rPois   ∞            q - +0 helmet
rElec   +            (no cloak)
rCorr   .            (no gloves)
SInv    .            (no boots)
Will    .....        (no amulet) Stlth
                     (no ring)
HPRegen 0.27/turn    (no ring)
MPRegen 0.10/turn

%: no passive effects
@: no status effects
A: sickness immunity, AC +4, negative energy resistance 1, electricity
resistance, torment resistance 1, petrification resistance
a: no special abilities


You were on level 5 of the Dungeon.
You visited 2 branches of the dungeon, and saw 6 of its levels.

You collected 329 gold pieces.

Inventory:

Hand Weapons
 a - a +0 flail (weapon)
Missiles
 i - 9 boomerangs (quivered)
 p - 8 poisoned darts
Armour
 c - a +0 buckler (worn)
 q - a +0 helmet (worn)
 x - a +0 chain mail (worn)
Jewellery
 h - an amulet of faith
Wands
 r - a wand of iceblast (2)
Scrolls
 f - 5 scrolls of identify {unknown}
 g - a scroll of immolation {unknown}
 l - 2 scrolls of teleportation {unknown}
 m - 2 scrolls of blinking {unknown}
 n - 2 scrolls of revelation {unknown}
 o - 2 scrolls of fog {unknown}
 u - a scroll of enchant weapon {unknown}
Potions
 d - a potion of might
 e - 2 potions of haste {unknown}
 j - 5 potions of curing {unknown}
 k - 2 potions of resistance {unknown}
 s - a potion of lignification {unknown}
 t - a potion of heal wounds {unknown}
 v - a potion of enlightenment {unknown}
 w - a potion of cancellation {unknown}


   Skills:
 + Level 4.5 Fighting
 + Level 5.0 Maces & Flails
 + Level 1.8 Throwing
 + Level 5.2 Armour
 + Level 1.5 Dodging
 + Level 4.1 Shields


You had 6 spell levels left.
You didn't know any spells.
Your spell library contained the following spells:

 Spells                   Type           Power      Damage    Failure   Level
 Kiss of Death            Conj/Necr      0%         2d5       97%         1
 Confusing Touch          Hex            0%         N/A       100%        3
 Ignite Poison            Fire/Tmut/Pois 0%         N/A       100%        3
 Inner Flame              Hex/Fire       0%         N/A       100%        3
 Portal Projectile        Hex/Tloc       0%         N/A       100%        3
 Tukima's Dance           Hex            0%         N/A       100%        3
 Dispel Undead            Necr           0%         3d6       100%        4
 Iskenderun's Mystic Bla  Conj/Tloc      0%         2d3       100%        4
 Starburst                Conj/Fire      0%         6d3       100%        6
 Ignition                 Fire           0%         3d3       100%        8


Dungeon Overview and Level Annotations

Branches:
Dungeon (5/15)             Temple (1/1) D:4

Altars:
Ashenzari
Cheibriados
Dithmenos
Elyvilon
Hepliaklqana
Nemelex Xobeh
Qazlal
Ru
Xom
Zin
The Shining One

Shops:
D:2 =

Annotations:
D:5 Edmund


Innate Abilities, Weirdness & Mutations

You are immune to sickness and miasma.
Your stone body is resilient. (AC +4)
You are immune to poison.
You resist negative energy. (rN+)
You are resistant to electric shocks. (rElec)
You are resistant to unholy torment.
You are immune to petrification.


Message History

You closely miss the hound.
The hound is moderately wounded.
The hound bites you but does no damage.
You hit the hound.
The hound is heavily wounded.
You block the hound's attack. The hound bites you but does no damage.
You sock the hound!
You kill the hound!
No target in view!
You climb downwards.
Level annotation: Edmund Edmund hits you but does no damage.
Space warps around you.
There is a stone staircase leading up here.
You hit Edmund.
Edmund is lightly wounded.
Edmund hits you with a +1 dire flail of distortion!
Space warps around you. You block Edmund's attack.
You sock Edmund!
Edmund is moderately wounded.
You block Edmund's attack.
You hit Edmund but do no damage.
Edmund is moderately wounded.
You block Edmund's attack.
You sock Edmund!
Edmund is heavily wounded.
Edmund hits you with a +1 dire flail of distortion!
You hit Edmund but do no damage.
Edmund is heavily wounded.
Edmund asks, "Have you met my wondrous brother?"
Edmund hits you with a +1 dire flail of distortion.
Space warps around you.
You are too injured to fight recklessly!
You are too injured to fight recklessly!
You are too injured to fight recklessly!
You are too injured to fight recklessly!
You hit Edmund.
Edmund is heavily wounded.
Edmund hits you with a +1 dire flail of distortion.
Edmund hits you but does no damage. Space warps horribly around you!!
You die...

####### #.....#
#.....+ #@....#
#@....# #.....#
#.....# ###...#
#...########
#..........#
#..........#
#..........#
#...##...#######


You could see Edmund.

Vanquished Creatures
  Grinder (D:4)
  A kobold brigand (D:2)
  A hound (D:4)
  An orc priest (D:4)
  A gnoll bouda (D:4)
  A jelly (D:5)
  An orc wizard (D:4)
  Robin (D:3)
  3 gnolls (D:4)
  7 adders
  6 dart slugs
  8 orcs
  3 endoplasms
  4 giant cockroaches
  6 hobgoblins
  3 jackals (D:1)
  3 kobolds (D:1)
  A quokka (D:2)
  6 ball pythons
  6 bats (D:1)
  4 frilled lizards
  11 goblins
  5 rats
84 creatures vanquished.

Vanquished Creatures (others)
  A hobgoblin (D:3)
1 creature vanquished.

Grand Total: 85 creatures vanquished

Notes
Turn   | Place    | Note
-------+----------+-------------------------------------------
     0 | D:1      | AdnanSaban the Gargoyle Fighter began the quest for the
                  | Orb.
     0 | D:1      | Reached XP level 1. HP: 14/14 MP: 1/1
    85 | D:1      | Found a faded altar of an unknown god.
   125 | D:1      | Reached XP level 2. HP: 19/19 MP: 2/2
   378 | D:1      | Reached XP level 3. HP: 23/24 MP: 3/3
   762 | D:2      | Found Vaurevui's Jewellery Boutique.
   970 | D:2      | Reached XP level 4. HP: 29/29 MP: 4/4
  1608 | D:3      | Noticed a kobold brigand
  1800 | D:2      | Killed a kobold brigand
  1801 | D:2      | Reached XP level 5. HP: 15/33 MP: 5/5
  1988 | D:3      | Noticed Robin
  2103 | D:3      | Killed Robin
  2104 | D:3      | Reached skill level 1 in Dodging
  2140 | D:3      | Got the Collected Works on Causimancy
  2586 | D:4      | Found a broken altar of Ashenzari.
  2727 | D:4      | Reached XP level 6. HP: 36/38 MP: 6/6
  2740 | D:4      | Found a sacrificial altar of Ru.
  2867 | D:4      | Found a staircase to the Ecumenical Temple.
  2891 | Temple   | Entered the Ecumenical Temple
  2996 | D:4      | Noticed Grinder
  3020 | D:4      | Paralysed by Grinder for 5 turns
  3032 | D:4      | Killed Grinder
  3033 | D:4      | Reached skill level 1 in Throwing
  3033 | D:4      | Reached XP level 7. HP: 27/44 MP: 7/7
  3121 | D:4      | Noticed a steam dragon
  3277 | D:4      | Reached skill level 5 in Armour
  3620 | D:4      | Found a sparkling altar of Nemelex Xobeh.
  3899 | D:5      | Entered Level 5 of the Dungeon
  3937 | D:5      | Reached skill level 5 in Maces & Flails
  3965 | D:5      | Noticed Edmund
  4028 | D:5      | Slain by Edmund

Illustrated notes

Levels and vault maps discovered:
D:1:      doesnt_arrival_eight_statues, layout_basic,
          ebering_ecumenical_altar_abandoned
D:2:      layout_basic, serial_shops, shop
D:3:      wander_river, layout_rooms, minmay_puff, uniq_robin
D:4:      layout_cave_pods, nemelex_spade_bored_becter,
          overflow_temple_1_default, mainiacjoe_overflow_alcove_1,
          minmay_temple_entry_antechambers, dreamdust_wishing_well, uniq_grinder
D:5:      layout_gridville, serial_shops, shop, uniq_edmund, uniq_duvessa
Temple:   nicolae_temple_two_arcs

Skill      XL: |  1  2  3  4  5  6  7 |
---------------+----------------------+-----
Maces & Flails | 3 4 5 |  5.0
Fighting       | 4 |  4.5
Armour         | 4 5 |  5.2
Dodging        | 1 |  1.5
Throwing       | 1 |  1.8
Shields        | 4 |  4.1

Action                     |  1- 3 |  4- 6 |  7- 9 || total
---------------------------+-------+-------+-------++-------
  Melee: Flail             |    98 |   149 |    45 ||   292
  Throw: Boomerang         |       |    22 |     9 ||    31
 Armour: Scale mail        |    57 |   132 |    26 ||   215
         Chain mail        |       |       |    18 ||    18
  Dodge: Dodged            |    49 |    92 |    34 ||   175
  Block: Buckler           |    14 |    45 |    21 ||    80

Table legend: (Time is in decaauts)
 A = Elapsed time spent in this place.
 B = Non-inter-level travel time spent in this place.
 C = Inter-level travel time spent in this place.
 D = Time resting spent in this place.
 E = Time spent auto-exploring this place.
 F = Levels seen in this place.
 G = Mean time per level.
                   A        B        C        D        E       F      G
               +--------+--------+--------+--------+--------+-----+--------+
         Total |   4136 |   3965 |    171 |    351 |   2620 |   6 |  689.3 |
       Dungeon |   4135 |   3964 |    171 |    351 |   2620 |   5 |  827.0 |
        Temple |      1 |      1 |      0 |      0 |      0 |   1 |    1.0 |
               +--------+--------+--------+--------+--------+-----+--------+

Top non-repeatable levels by time:
     D:2: 1274 daAuts
     D:4: 1162 daAuts
     D:3: 923 daAuts
     D:1: 656 daAuts
     D:5: 118 daAuts
  Temple: 1 daAuts
